 Dungeon Crawl Stone Soup version 0.27-a0-1322-gfdffb62a71 (webtiles) character file.

Game seed: 907779582024112885

80 trckry the Firebug (level 4, -4/24 HPs)
             Began as a Deep Elf Fire Elementalist on June 23, 2021.
             Slain by an iguana (14 damage)
             ... on level 3 of the Dungeon.
             The game lasted 00:05:17 (2832 turns).

trckry the Firebug (Deep Elf Fire Elementalist)     Turns: 2832, Time: 00:05:17

Health: -4/24      AC:  3    Str:  6    XL:     4   Next: 18%
Magic:  8/10       EV: 12    Int: 20    God:
Gold:   86         SH:  0    Dex: 15    Spells: 8/9 levels left

rFire    . . .     SeeInvis .   j - +0 quarterstaff
rCold    . . .     Faith    .   (shield currently unavailable)
rNeg     . . .     Spirit   .   a - +0 robe
rPois    .         Reflect  .   e - +0 helmet
rElec    .         Harm     .   (no cloak)
rCorr    .         Rampage  .   (no gloves)
Will     .....                  (no boots)
Stlth    ++........             (no amulet)
HPRegen  0.08/turn              (no ring)
MPRegen  0.12/turn              (no ring)

@: no status effects
A: no striking features
a: no special abilities


You were on level 3 of the Dungeon.
You visited 1 branch of the dungeon, and saw 3 of its levels.

You collected 86 gold pieces.

Inventory:

Hand Weapons
 j - a +0 quarterstaff (weapon)
Missiles
 c - 6 atropa-tipped darts
Armour
 a - a +0 robe (worn)
 e - a +0 helmet (worn)
Scrolls
 g - a scroll of enchant weapon {unknown}
 h - 2 scrolls of teleportation {unknown}
 m - a scroll of enchant armour {unknown}
Potions
 b - a potion of magic {unknown}
 d - a potion of haste {unknown}
 f - a potion of attraction {unknown}
 i - a potion of curing {unknown}
 k - 3 potions of lignification {unknown}
 l - a potion of resistance {unknown}


   Skills:
 - Level 2.4 Dodging
 - Level 2.4 Stealth
 - Level 3.0 Spellcasting
 * Level 3.2 Conjurations
 * Level 4.5 Fire Magic


You had 8 spell levels left.
You knew the following spells:

 Your Spells              Type           Power      Damage    Failure   Level
a - Foxfire               Conj/Fire      72%        2x1d7     3%          1

Your spell library contained the following spells:

 Spells                   Type           Power      Damage    Failure   Level
 Conjure Flame            Conj/Fire      18%        6-21      9%          3
 Inner Flame              Hex/Fire       12%        N/A       17%         3
 Sticky Flame             Conj/Fire      18%        2d4       28%         4
 Fireball                 Conj/Fire      9%         3d6       63%         5


Dungeon Overview and Level Annotations

Branches:
Dungeon (3/15)

Altars:
Makhleb
Ru
Wu Jian

Annotations:
D:3 2 runed translucent doors


Message History

Casting: Foxfire (safe; 3% risk of failure)
Confirm with . or Enter, or press ? or * to list all spells.
You conjure some foxfire!
The foxfire hits the rat!
You kill the rat!
The foxfire hits the goblin.
You kill the goblin!
You now have 7/10 mp.
Your foxfire dissipates!
The foxfire hits the iguana.
The iguana is lightly wounded.
A kobold comes into view. It is wielding a +0 whip.
The foxfire hits the iguana.
The iguana is heavily wounded.
The kobold throws a stone.
The stone closely misses you.
The kobold throws a stone.
The stone closely misses you.
Casting: Foxfire (safe; 3% risk of failure)
Confirm with . or Enter, or press ? or * to list all spells.
You conjure some foxfire!
You now have 6/10 mp.
The foxfire hits the kobold.
You kill the kobold!
The foxfire hits the iguana.
The iguana is heavily wounded.
The iguana bites you!
Ouch! That really hurt!
You take 12 damage, and have 12/24 hp.
MASSIVE DAMAGE!!
Casting: Foxfire (safe; 3% risk of failure)
Confirm with . or Enter, or press ? or * to list all spells.
You conjure some foxfire!
The iguana bites you.
You take 4 damage, and have 8/24 hp.
You now have 6/10 mp.
The foxfire hits the iguana but does no damage.
The iguana is heavily wounded.
The foxfire hits the iguana but does no damage.
The iguana is heavily wounded.
A goblin comes into view. It is wielding a +0 dagger.
Casting: Foxfire (safe; 3% risk of failure)
Confirm with . or Enter, or press ? or * to list all spells.
You conjure some foxfire!
The iguana bites you!
Ouch! That really hurt!
You die...

#............#.# #.#
#......#.......# #.#
#......#....##.###.#######.
######......####.รท......#<......
#...........# ##.##.......######
##...........###.........#.#
.#...................###.#.#
..........##.....l...# #...#
######....##....@v...# ##### #
##...##.....v...# #
#...##........>#
#####.#...##........##
+.....#...##........#
+.....#..###........# #####.#..#
#........# # #..# ########## #
##..#


You could see an iguana (ally target).

Vanquished Creatures
  An adder (D:3)
  A worm (D:2)
  5 orcs (D:3)
  3 endoplasms
  2 giant cockroaches
  5 goblins
  2 hobgoblins
  12 jackals
  6 quokkas
  4 ball pythons
  5 bats
  2 frilled lizards (D:2)
  A kobold (D:3)
  7 rats
56 creatures vanquished.

Vanquished Creatures (others)
  109 foxfires
109 creatures vanquished.

Grand Total: 165 creatures vanquished

Notes
Turn   | Place    | Note
-------+----------+-------------------------------------------
     0 | D:1      | trckry the Deep Elf Fire Elementalist began the quest for
                  | the Orb.
     0 | D:1      | Reached XP level 1. HP: 10/10 MP: 6/6
   381 | D:1      | Reached XP level 2. HP: 15/15 MP: 6/8
  1390 | D:2      | Reached skill level 4 in Fire Magic
  1415 | D:2      | HP: 2/15 [quokka (1)]
  1708 | D:2      | Reached XP level 3. HP: 19/19 MP: 6/9
  2114 | D:2      | Found a faded altar of an unknown god.
  2561 | D:3      | Found a large runed translucent door.
  2562 | D:3      | Found a large runed translucent door.
  2617 | D:3      | Found a burning altar of Makhleb.
  2626 | D:3      | Reached XP level 4. HP: 24/24 MP: 6/10
  2692 | D:3      | Found an ornate altar of the Wu Jian Council.
  2694 | D:3      | Found a sacrificial altar of Ru.
  2832 | D:3      | Slain by an iguana

Illustrated notes

Levels and vault maps discovered:
D:1:      mrwooster_arrival_statue_3, layout_loops_ring
D:2:      layout_loops_ring, hellmonk_ecumenical_altar_inner_sanctum,
          minivault_19
D:3:      layout_basic, minitemple, jmf_multi_god_temple2, minmay_box_of_dots

Skill      XL: |  1  2  3 |
---------------+----------+-----
Conjurations   | 2 3 |  3.2
Fire Magic     | 4 |  4.5
Dodging        | |  2.4
Stealth        | |  2.4
Spellcasting   | |  3.0

Action                   |  1- 3 |  4- 6 || total
-------------------------+-------+-------++-------
Melee: Short sword       |    17 |       ||    17
       Quarterstaff      |    24 |       ||    24
 Cast: Foxfire           |    61 |    12 ||    73
 Stab: Sleeping          |     2 |       ||     2
Armor: Robe              |    25 |     1 ||    26
Dodge: Dodged            |    43 |     2 ||    45

Table legend: (Time is in decaauts)
 A = Elapsed time spent in this place.
 B = Non-inter-level travel time spent in this place.
 C = Inter-level travel time spent in this place.
 D = Time resting spent in this place.
 E = Time spent auto-exploring this place.
 F = Levels seen in this place.
 G = Mean time per level.
                   A        B        C        D        E       F      G
               +--------+--------+--------+--------+--------+-----+--------+
         Total |   2839 |   2748 |     91 |      0 |   2324 |   3 |  946.3 |
       Dungeon |   2839 |   2748 |     91 |      0 |   2324 |   3 |  946.3 |
               +--------+--------+--------+--------+--------+-----+--------+

Top non-repeatable levels by time:
     D:2: 1366 daAuts
     D:1: 1096 daAuts
     D:3: 376 daAuts
